[Event "*** Titled Tuesday Blitz"]
[Site "Chess.com"]
[Date "2021.02.16"]
[Round "9"]
[White "Sergey85Rodchenkov"]
[Black "olksuna"]
[Result "1-0"]
[WhiteElo "2518"]
[BlackElo "2677"]
[TimeControl "180+1"]
[EndTime "11:49:20 PST"]
[Termination "Sergey85Rodchenkov won by checkmate"]

1. e4 c5 2. Nf3 e6 3. d3 Nc6 4.
g3 d5 5. Nbd2 Nf6 6. Bg2 Be7 7.
O-O O-O 8. Re1 b5 9. a3 Bb7 10.
h4 a5 11. e5 Nd7 12. Nf1 Qc7 13. Bf4 Rfc8 14. N1h2 Qd8 15. Ng4 a4 16. h5 h6 17.
Qd2 Bf8 18. c3 d4 19. Rac1 dxc3 20. Rxc3 Nb6 21. Bxh6 gxh6 22. Nxh6+ Bxh6 23. Qxh6 Qf8 24. Qf4 Nd5 25. Qg5+ Qg7 26. Rxc5 Qxg5 27. Nxg5 Nd4 28. Rxc8+ Rxc8 29. h6 Nf5 30. h7+ Kg7 31. Be4 Ba8 32.
g4 Nfe7 33. Kh2 Nf4 34. Kg3 Bxe4 35. dxe4 Nd3 36. Rh1 Ng6 37. Rd1 Ndxe5 38. f4 Nc6 39. Rd7 Nh8 40. e5 Kg6 41. Kh4 Rd8 42. Rc7 Nd4 43. Ne4 Kxh7 44. Nf6+ Kg6 45. Kg3 Ne2+ 46. Kf3 Nd4+ 47. Ke4 Nb3 48. f5+ exf5+ 49. gxf5+ Kg7 50. Nd5 Nd2+ 51. Kd4 Nf3+ 52. Ke4 Ng5+ 53. Kd4 Kf8 54. Kc5 Ne4+ 55. Kc6 Nd2 56. e6 fxe6 57. fxe6 Ng6 58. Rf7+ Kg8 59. Nf6+ Kh8 60. Rh7# 1-0

[Event "*** Titled Tuesday Blitz"]
[Site "Chess.com"]
[Date "2021.02.16"]
[Round "9"]
[White "stepakyedael"]
[Black "verdest"]
[Result "0-1"]
[WhiteElo "2338"]
[BlackElo "2501"]
[TimeControl "180+1"]
[EndTime "11:49:23 PST"]
[Termination "verdest won on time"]

1. d4 Nf6 2. c4 e6 3. Nf3 d5 4.
e3 c5 5. dxc5 Bxc5 6. a3 O-O 7.
b4 Be7 8. Bb2 b6 9. Nbd2 Bb7 10. Be2 Nbd7 11. O-O a5 12. b5 Nc5 13. Nd4 Rc8 14. Bf3 Nd3 15. Qb3 Ne5 16. Rfc1 Nxf3+ 17. N4xf3 Bc5 18. Bd4 Qe7 19. Ne5 Nd7 20. Ndf3 Nxe5 21.
Nxe5 Bxd4 22. exd4 dxc4 23. Qg3 Bd5 24. h4 Rfd8 25. h5 h6 26. Rc3 Qg5 27. Qxg5 hxg5 28. Rac1 Rc7 29. f3 f6 30. Ng4 Kf7 31. Kf2 Rdc8 32.
Ke3 Ke7 33. Rh1 Rh8 34. Kd2 Rd7 35. Re3 Kf7 36. Kc3 Rdd8 37. Ree1 Rh7 38. Ne3 Rdh8 39. Nxd5 exd5 40. g4 Re8 41. Rxe8 Kxe8 42. Re1+ Kd7 43.
Rh1 Rh8 44. Rh3 Kd6 45. a4 Ke6 46. Rh1 Kf7 47. Rh3 Re8 48. Kd2 f5 49. gxf5 Kf6 50. h6 g6 51. h7 Rh8 52. fxg6 Kxg6 53.
Rg3 Rxh7 54. f4 Rh2+ 55. Kc3 Rh5 56. fxg5 Rxg5 57. Re3 Kf6 58. Rf3+ Rf5 59. Rh3 Ke6 60. Rh6+ Rf6 61. Rh7 Rf3+ 62. Kb2 Kf5 63. Rb7 Ke4 64. Rxb6 Kxd4 65. Re6 Rf2+ 66. Kb1 c3 67. b6 Kd3 68. Rc6 Rf1+ 69. Ka2 c2 70. Rc5 c1=Q 71. Rxc1 Rxc1 0-1

[Event "*** Titled Tuesday Blitz"]
[Site "Chess.com"]
[Date "2021.02.16"]
[Round "9"]
[White "Indianlad"]
[Black "jefferyx"]
[Result "1-0"]
[WhiteElo "2938"]
[BlackElo "2984"]
[TimeControl "180+1"]
[EndTime "11:49:25 PST"]
[Termination "Indianlad won on time"]

1. e4 Nf6 2. e5 Nd5 3. d4 d6 4.
Nf3 g6 5. Bc4 c6 6. O-O Bg7 7.
exd6 Qxd6 8. h3 O-O 9. Re1 Nd7 10.
Bg5 e6 11. Nbd2 b5 12. Bf1 c5 13. c4 bxc4 14. Nxc4 Qc7 15. Rc1 Bb7 16. Bh4 cxd4 17.
Bg3 Qd8 18. Nd6 Qb6 19. Nc4 Qd8 20. Nxd4 Qf6 21. Nb5 Ba6 22. Nbd6 Bxc4 23. Nxc4 Rfd8 24. Qg4 h5 25. Qe2 Rac8 26. b3 N7b6 27. Be5 Qg5 28. Bxg7 Kxg7 29. Qe5+ Qxe5 30. Nxe5 Nb4 31. a4 Kf6 32. Nf3 Rxc1 33. Rxc1 Rc8 34. Rxc8 Nxc8 35. Bb5 Nd6 36. Nd4 Ke5 37. Nc6+ Nxc6 38. Bxc6 a5 39. Kf1 Kd4 40. Ke2 h4 41. f4 f6 42. Bd7 e5 43. fxe5 fxe5 44. Kf3 Kd3 45. Kg4 e4 46. Kxh4 e3 47. Bg4 Ne4 48. Bf3 Kc3 49. Kg4 Kxb3 50. Kf4 Nc3 51. Kxe3 Kxa4 52. h4 Kb3 53. Bc6 Kc4 54. Kf4 Nb5 55. Be8 a4 56. Bxg6 Nc3 57. Bf7+ Kd4 58. h5 a3 59. Bb3 Nd5+ 60. Kg5 Ke5 61.
h6 Nf6 62. Kg6 1-0

[Event "*** Titled Tuesday Blitz"]
[Site "Chess.com"]
[Date "2021.02.16"]
[Round "9"]
[White "TregubovP"]
[Black "NTBT_DHS"]
[Result "0-1"]
[WhiteElo "2553"]
[BlackElo "2777"]
[TimeControl "180+1"]
[EndTime "11:49:25 PST"]
[Termination "NTBT_DHS won by resignation"]

1. e4 g6 2. d4 Bg7 3. Nf3 a6 4. Nc3 d6 5. Be2 Nf6 6. O-O O-O 7. Re1 Nc6 8. d5 Nb8 9. Bf1 e5 10. dxe6 Bxe6 11. Bf4 Nc6 12. h3 Re8 13. Qd2 b5 14. Rad1 Nd7 15. Nd5 Nde5 16. Nxe5 Nxe5 17. Bg5 f6 18. Bh4 g5 19. Bg3 Ng6 20. c4 Qd7 21.
Rc1 Rac8 22. Qc2 Qf7 23. Ne3 b4 24. b3 h5 25. c5 Ne5 26. Bxa6 Ra8 27. Bb5 Red8 28. Nf5 Bf8 29. cxd6 cxd6 30. Qd2 d5 31. Bxe5 dxe4 32. Nd6 fxe5 33. Qxg5+ Qg7 34. Nxe4 Qxg5 35. Nxg5 Bd5 36. Rxe5 Kg7 37. Rc7+ Kf6 38. f4 Bd6 39. Rxd5 Bxc7 40. Rc5 Bb6 41. Kh2 Bxc5 42. Ne4+ Kf5 43. Nxc5 Rxa2 44. Bd3+ Kf6 45. Bc4 Rdd2 46. Ne4+ Kf5 47.
Nxd2 Rxd2 48. Kg3 Rd4 49. Kh4 Kxf4 50. Kxh5 Kg3 51. Kg5 Kxg2 52. h4 Kg3 53. h5 Rg4+ 54.
Kf5 Rf4+ 55. Kg6 Rg4+ 56. Kf6 Rf4+ 57. Kg5 Rg4+ 58. Kf5 Rxc4 59. h6 Rh4 60. Kg6 Kf4 61. h7 Ke4 62. Kg7 Kd3 63. h8=Q Rxh8 64. Kxh8 Kc3 65.
Kg7 Kxb3 66. Kf6 Kc3 67. Ke5 b3 68. Ke4 b2 69. Kf4 b1=Q 70. Kf3 0-1

[Event "*** Titled Tuesday Blitz"]
[Site "Chess.com"]
[Date "2021.02.16"]
[Round "9"]
[White "Zq1"]
[Black "Kurkusha"]
[Result "1-0"]
[WhiteElo "2501"]
[BlackElo "2352"]
[TimeControl "180+1"]
[EndTime "11:49:25 PST"]
[Termination "Zq1 won by resignation"]

1. d4 d5 2. c4 e6 3. Nc3 Nf6 4.
Nf3 dxc4 5. Qa4+ c6 6. Qxc4 b5 7. Qd3 Bb7 8. Bg5 Be7 9. e3 O-O 10. Bxf6 Bxf6 11. Ne4 Nd7 12. Be2 Qa5+ 13. Nfd2 Rad8 14. O-O c5 15. Qxb5 Qxb5 16. Bxb5 cxd4 17.
Nxf6+ Nxf6 18. exd4 Rxd4 19. Nb3 Rd5 20. Bc4 Rd7 21.
Rfd1 Rfd8 22. Rxd7 Rxd7 23. f3 Kf8 24. Nc5 Rc7 25. b4 Bd5 26. Bd3 Nd7 27. Nxd7+ Rxd7 28. Be2 Bb7 29. Rd1 Rc7 30. Rd2 Ke7 31. Kf2 Rc3 32. a4 Rb3 33. b5 Ra3 34. Rd4 Bd5 35.
Bd1 h5 36. h4 g6 37. Rb4 Kd6 38. g4 Ra2+ 39. Kg3 Kc5 40. Rb1 Rd2 41. gxh5 gxh5 42. Kf4 Rd3 43. a5 f6 44. b6 axb6 45. axb6 Bb7 46. Be2 Rd4+ 47. Kg3 Kc6 48. Rb3 Kd7 49.
Bb5+ Kc8 50. Rc3+ Kb8 51. Rd3 Rxd3 52. Bxd3 Bd5 53. Bg6 e5 54. Bxh5 e4 55. f4 e3 56.
Be2 Be4 57. Kg4 Kb7 58. f5 Kxb6 59. h5 Bd5 60. h6 Bg8 61. Kf4 Kc5 62. Kxe3 Kd5 63.
Kf4 Kd4 64. Bh5 Kd5 65. Bg6 Kd6 66. h7 Bxh7 67. Bxh7 1-0

[Event "*** Titled Tuesday Blitz"]
[Site "Chess.com"]
[Date "2021.02.16"]
[Round "9"]
[White "Loy_Konstantin"]
[Black "night_player"]
[Result "1-0"]
[WhiteElo "2383"]
[BlackElo "2193"]
[TimeControl "180+1"]
[EndTime "11:49:25 PST"]
[Termination "Loy_Konstantin won by resignation"]

1. e4 c5 2. Nf3 Nc6 3. Nc3 e5 4. Bc4 d6 5. O-O Be7 6. d3 Be6 7. Nd5 Nf6 8. Nxe7 Qxe7 9. Bg5 Bxc4 10. dxc4 Qe6 11. Bxf6 Qxf6 12. c3 O-O 13. Qd5 Rad8 14.
Rfd1 Kh8 15. Rab1 Qg6 16. b4 cxb4 17. cxb4 f5 18. exf5 Rxf5 19. Nh4 Qg5 20. Nxf5 Qxf5 21. c5 Nd4 22. cxd6 Ne2+ 23. Kh1 Nc3 24. Qb3 Nxb1 25.
Qxb1 Qxb1 26. Rxb1 Rxd6 27. g3 Kg8 28. Rc1 Rd7 29.
Kg2 Kf7 30. Kf3 Ke6 31. Ke3 Rf7 32. a3 Kd6 33. f3 b6 34. Ke4 Re7 35. b5 h5 36.
Rc6+ Kd7 37. a4 Rf7 38. Rg6 h4 39. Rg5 hxg3 40. hxg3 Kd6 41. Rg6+ Kc5 42. Kxe5 Kb4 43. Rg4+ Kb3 44. f4 Kxa4 45. Ke6 Rf6+ 46. Ke7 Kxb5 47. Rxg7 Rc6 48. f5 a5 49. f6 Rc7+ 50. Ke6 Rc6+ 51.
Kf5 Rc5+ 52. Kg6 Rc6 53. Kg5 Rc5+ 54. Kf4 Rc4+ 55. Kf3 Rc5 56. f7 Rf5+ 57. Ke4 Rf1 58. Rg5+ Kc6 59. Rf5 Re1+ 60. Kf4 Rf1+ 61. Kg5 Rxf5+ 62.
Kxf5 a4 63. f8=Q a3 64. Qxa3 1-0

[Event "*** Titled Tuesday Blitz"]
[Site "Chess.com"]
[Date "2021.02.16"]
[Round "9"]
[White "TokChess"]
[Black "KruHor"]
[Result "1-0"]
[WhiteElo "2404"]
[BlackElo "2514"]
[TimeControl "180+1"]
[EndTime "11:49:30 PST"]
[Termination "TokChess won on time"]

1. c4 Nf6 2. Nc3 g6 3. Nf3 d5 4. cxd5 Nxd5 5. e4 Nxc3 6. dxc3 Bd7 7. Ne5 Bg7 8. Nxd7 Nxd7 9. Be2 O-O 10. O-O Nc5 11.
Qc2 c6 12. Be3 Nd7 13. Rfd1 Qc7 14. a4 Rad8 15. a5 c5 16. Qb3 Nf6 17. Qc4 Rc8 18. Bf3 Nd7 19. Qb5 Ne5 20. Be2 h5 21. Rd5 b6 22.
axb6 axb6 23. Ra6 e6 24. Rd1 Rb8 25. h3 Rfe8 26. f4 Nc6 27. e5 Red8 28. Rxd8+ Nxd8 29. Bf3 Bf8 30. Ra1 c4 31. Kh1 Bc5 32. Qxc4 Qe7 33.
Bd4 Bxd4 34. Qxd4 b5 35. Rd1 b4 36. c4 Nb7 37. Qb6 Qc5 38. Qb5 Qxb5 39. cxb5 Nc5 40.
Bc6 Na4 41. b3 Nc3 42. Rd4 Na2 43. Rd7 Nc1 44. Rd4 Nxb3 45. Rxb4 Na5 46. Be4 Nb7 47.
Bxb7 Rxb7 48. b6 Kf8 49. Kh2 Ke8 50. Kg3 Kd7 51. Kh4 Kc6 52. Kg5 Kc5 53. Rb1 Kd4 54. Kf6 Ke3 55. Rb4 Kf2 56. Rb2+ Kg3 57. Kg5 h4 58. f5 gxf5 59. Rb3+ Kxg2 60. Kxh4 f4 61. Kg4 f3 62. Rxf3 Rxb6 63. Rxf7 Rb5 64.
Kf4 Kxh3 65. Re7 1-0

[Event "*** Titled Tuesday Blitz"]
[Site "Chess.com"]
[Date "2021.02.16"]
[Round "9"]
[White "Lady_Nika"]
[Black "Cuajada_Zero"]
[Result "0-1"]
[WhiteElo "2373"]
[BlackElo "2260"]
[TimeControl "180+1"]
[EndTime "11:49:31 PST"]
[Termination "Cuajada_Zero won on time"]

1. d4 d5 2. e3 e6 3. f4 f5 4. Nf3 Nf6 5. Ne5 Nbd7 6. Bd3 Bd6 7. O-O O-O 8. b3 Ne4 9. Bxe4 fxe4 10. Nd2 Rf6 11.
c4 c6 12. Qe2 Rh6 13. Bb2 Qh4 14. g3 Qh3 15. Qg2 Qh5 16. Rac1 Nf6 17. g4 Nxg4 18.
Nxg4 Rg6 19. h3 Qh4 20. Qf2 Qxh3 21. Qh2 Qxg4+ 22. Kf2 Rh6 23. Qg2 Qh4+ 24. Ke2 e5 25. Rg1 Rg6 26. Qf2 Bg4+ 27. Ke1 Qxf2+ 28. Kxf2 exf4 29. cxd5 cxd5 30. exf4 Bxf4 31. Ke1 h5 32. Rc5 Rd8 33. Nf1 h4 34. Bc1 Bd6 35. Rc2 Kh7 36.
Bd2 h3 37. Rh1 Rf8 38. Be3 Kg8 39. Rf2 Bd7 40. Rxf8+ Kxf8 41. Nd2 Rg2 42. Kd1 g5 43. Rf1+ Kg7 44. Rh1 g4 45. Nf1 Rxa2 46. Bd2 g3 47. Ne3 Bf4 48. Rg1 Ra1+ 49. Bc1 g2 50. Ke2 Bxe3 51. Kxe3 Kg6 52. Kf2 Bg4 53. Kg3 Kh5 54.
Re1 a5 55. Kh2 b5 56. Rg1 a4 57. bxa4 bxa4 58. Kg3 a3 59. Kh2 a2 60. Re1 Rb1 61. Rg1 a1=Q 62. Be3 Rf1 0-1

[Event "*** Titled Tuesday Blitz"]
[Site "Chess.com"]
[Date "2021.02.16"]
[Round "9"]
[White "nrvisakh"]
[Black "azikom"]
[Result "0-1"]
[WhiteElo "2776"]
[BlackElo "2655"]
[TimeControl "180+1"]
[EndTime "11:49:34 PST"]
[Termination "azikom won by resignation"]

1. e4 e5 2. Nf3 Nc6 3. Nc3 Nf6 4.
Bb5 Bd6 5. O-O a6 6. Bc4 O-O 7. a3 b5 8. Ba2 h6 9. d3 Re8 10. Nh4 Bf8 11. Nf5 d6 12. Ne3 Nd4 13. Ne2 Nxe2+ 14.
Qxe2 Be6 15. Bxe6 Rxe6 16. a4 c6 17. Bd2 Re8 18. Qf3 Qd7 19. Nf5 Qe6 20. Qg3 Kh7 21.
f4 Nh5 22. Qf3 Nxf4 23. Bxf4 exf4 24. Qxf4 d5 25. exd5 Qxd5 26. Ng3 f6 27. Ne4 Qd4+ 28. Kh1 Qxb2 29. Qc7 Rec8 30. Qd7 Kh8 31. axb5 cxb5 32. Rxa6 Qxc2 33. Rxa8 Rxa8 34. Qxb5 Rd8 35. Qc4 Qxd3 36. Qxd3 Rxd3 37. g3 Kh7 38. Kg2 Rd4 39. Re1 Ra4 40.
Re2 Ra1 41. Nf2 Ra3 42. Nd1 Rb3 43. Ne3 Rd3 44. Nf5 Rd5 45. g4 h5 46. h3 hxg4 47. hxg4 Ra5 48. Kf3 Kg6 49. Re8 Kf7 50. Re3 Ra4 51. Re4 Ra3+ 52. Re3 Ra7 53. Rb3 g6 54. Ng3 Bd6 55. Ne4 Be5 56. Nf2 Ra4 57. Nd3 Rd4 58. Nxe5+ fxe5 59. Rb6 g5 60. Ra6 Rb4 61. Kg3 Rc4 62. Rb6 Rc3+ 63. Kf2 e4 64. Rb5 Rf3+ 65. Kg2 Kf6 66. Rb8 Ke5 0-1

[Event "*** Titled Tuesday Blitz"]
[Site "Chess.com"]
[Date "2021.02.16"]
[Round "9"]
[White "garfield_pg"]
[Black "MPGM"]
[Result "1/2-1/2"]
[WhiteElo "2363"]
[BlackElo "2607"]
[TimeControl "180+1"]
[EndTime "11:49:36 PST"]
[Termination "Game drawn - timeout vs insufficient material"]

1. e4 e5 2. d4 exd4 3. Nf3 Nc6 4.
Nxd4 d6 5. Bb5 Bd7 6. Nc3 Nxd4 7.
Qxd4 Bxb5 8. Nxb5 a6 9. Nc3 Nf6 10. Bg5 Be7 11. O-O-O O-O 12. e5 Ne8 13. Bxe7 Qxe7 14.
exd6 Nxd6 15. Nd5 Qg5+ 16. f4 Qd8 17. Nxc7 Qxc7 18. Qxd6 Qc4 19. Kb1 Rac8 20. Rd2 g6 21. Rhd1 Rc6 22. Qd4 Qb5 23. Qd5 Rc5 24. Qd3 Qb4 25. g3 Rfc8 26. c3 Rxc3 27. Qd4 R3c4 28. Qf6 Re4 29. a3 Qc4 30. f5 Re2 31. Rxe2 Qxe2 32.
Rd8+ Rxd8 33. Qxd8+ Kg7 34. f6+ Kh6 35. Qd4 g5 36. h4 gxh4 37. Qxh4+ Kg6 38. Ka2 Qe6+ 39. Ka1 Qxf6 40. Qe4+ Kg5 41. Qxb7 Kg4 42. Qb4+ Kxg3 43. Qe1+ Qf2 44. Qe5+ Qf4 45. Qg7+ Kf2 46. Qxh7 f5 47.
Qa7+ Qe3 48. Qxa6 f4 49. b4 f3 50. b5 Kg2 51. Qg6+ Kf1 52. b6 Qc3+ 53. Ka2 f2 54.
Qb1+ Ke2 55. b7 Qd2+ 56. Qb2 Qxb2+ 57. Kxb2 f1=Q 58. b8=Q Qf6+ 59. Ka2 Qf7+ 60. Qb3 Qa7 61.
Qc4+ Kd2 62. Kb3 Qe3+ 63. Kb4 Qa7 64. Qb5 Kc2 65. Qc5+ Qxc5+ 66. Kxc5 Kb3 1/2-1/2

[Event "*** Titled Tuesday Blitz"]
[Site "Chess.com"]
[Date "2021.02.16"]
[Round "9"]
[White "onnoelgersma"]
[Black "Iskusnyh"]
[Result "0-1"]
[WhiteElo "2449"]
[BlackElo "2604"]
[TimeControl "180+1"]
[EndTime "11:49:36 PST"]
[Termination "Iskusnyh won by resignation"]

1. e4 e6 2. Nf3 d5 3. Nc3 Nf6 4. Qe2 Be7 5. g3 O-O 6. Bg2 c5 7.
O-O Nc6 8. d3 b6 9. Rd1 Ba6 10.
e5 Nd7 11. Bf4 Nd4 12. Nxd4 cxd4 13. Nb1 Rc8 14. c3 dxc3 15. Nxc3 Nc5 16. Rac1 Qd7 17.
h4 Rc7 18. h5 Rfc8 19. h6 g6 20. Kh2 Qd8 21. Qf3 Bg5 22. d4 Bxf4 23. Qxf4 Nd3 24.
Rxd3 Bxd3 25. Re1 g5 26. Qd2 Bg6 27. Qe3 a6 28. a3 b5 29. Qd2 a5 30. Rf1 b4 31. axb4 axb4 32. Nd1 Rc2 33. Qxb4 Qf8 34.
Qb3 Qxh6+ 35. Kg1 Qf8 36. Ne3 Rb8 37. Qa4 Rcxb2 38. Ng4 Rb1 39. Nf6+ Kh8 40. Qa5 Rxf1+ 41. Bxf1 Rb1 42. Qd2 h6 43. f4 Qb4 44. Qh2 Kg7 45.
fxg5 hxg5 46. Qf2 Qe1 47. Qxe1 Rxe1 48. Kf2 Rd1 49. Ng4 Rxd4 50. Nf6 Rd2+ 51. Ke3 Ra2 52. Be2 d4+ 53. Kf3 d3 54. Bd1 Ra1 55. Bb3 d2 56.
Ke2 Rb1 57. Ba4 Ra1 58. Bb3 Ra3 59. Bd1 Rxg3 60. Kxd2 Rg2+ 61. Ke3 Rb2 62. Bf3 Rb3+ 63. Kf2 Rb5 64. Ng4 Bf5 65. Nf6 Rxe5 66. Ne8+ Kf8 67.
Nd6 Ra5 68. Nb7 Ra2+ 69. Kg3 Ra3 70. Nc5 g4 71. Nd7+ 0-1

[Event "*** Titled Tuesday Blitz"]
[Site "Chess.com"]
[Date "2021.02.16"]
[Round "9"]
[White "Firouzja2003"]
[Black "EvgenyT"]
[Result "1/2-1/2"]
[WhiteElo "3085"]
[BlackElo "2949"]
[TimeControl "180+1"]
[EndTime "11:49:37 PST"]
[Termination "Game drawn - insufficient material"]

1. d4 Nf6 2. Bg5 d5 3. e3 c6 4.
Bxf6 exf6 5. c4 dxc4 6. Bxc4 Bd6 7. Nc3 O-O 8. Nf3 Nd7 9. O-O f5 10. Qb3 Qe7 11. Rad1 Nf6 12. a4 Rb8 13. Rfe1 g6 14.
h3 Bd7 15. Nd2 b5 16. axb5 cxb5 17. Nd5 Nxd5 18. Bxd5 a5 19. e4 fxe4 20. Nxe4 Bb4 21. Re3 Bf5 22. Ng3 Qd7 23. Rf3 Bc2 24. Rxf7 Bxb3 25.
Rxd7+ Bxd5 26. Rxd5 Rfd8 27. Rxd8+ Rxd8 28. Ne4 Kf7 29. d5 a4 30. f3 Bd6 31. Nxd6+ Rxd6 32. Kf2 b4 33. Ke3 a3 34. Kd4 Ra6 35. Kc4 axb2 36. Rb1 Ra2 37. Kxb4 Ke7 38. Kc3 Ra5 39. Kd4 Ra2 40. Ke5 Kd7 41. f4 h5 42. g4 h4 43.
f5 gxf5 44. gxf5 Ke7 45. f6+ Kf7 46. d6 Ra5+ 47. Ke4 Kxf6 48. Rxb2 Ke6 49. Rd2 Ra4+ 50. Kf3 Kd7 51. Rd3 Rb4 52. Ke3 Rc4 53. Kf3 Rc6 54.
Kg4 Rxd6 55. Re3 Re6 56. Rf3 Ke7 57. Kxh4 Rf6 58. Rb3 Kf7 59. Kg5 Rg6+ 60. Kh5 Rd6 61. h4 Kg8 62. Rb5 Kg7 63. Kg5 Rg6+ 64. Kh5 Rh6+ 65. Kg4 Rg6+ 66. Kf4 Rf6+ 67. Rf5 Rxf5+ 68. Kxf5 Kh6 69. Kg4 Kg6 70. h5+ Kh6 71. Kh4 Kh7 72. Kg3 Kh6 73. Kf2 Kxh5 1/2-1/2

[Event "*** Titled Tuesday Blitz"]
[Site "Chess.com"]
[Date "2021.02.16"]
[Round "9"]
[White "lilleper1"]
[Black "swisspower96"]
[Result "0-1"]
[WhiteElo "2828"]
[BlackElo "2663"]
[TimeControl "180+1"]
[EndTime "11:49:38 PST"]
[Termination "swisspower96 won on time"]

1. e4 c5 2. c3 Nf6 3. e5 Nd5 4. Nf3 Nc6 5. Bc4 Nb6 6. Bb3 d5 7. exd6 Qxd6 8. O-O c4 9. Bc2 g6 10. b3 Be6 11. Na3 cxb3 12. axb3 Bg7 13. d4 Bd5 14. Bb2 O-O 15. Re1 Rfd8 16. Qe2 Re8 17. Rad1 a6 18. Nc4 Qc7 19. Nce5 Rad8 20. c4 Bxf3 21. Nxf3 e6 22. Be4 Ne7 23. h4 Nbc8 24. h5 Nd6 25. Bb1 Ndf5 26.
Qe4 gxh5 27. Bc1 Ng6 28. Bg5 Rc8 29. d5 b5 30. cxb5 Nd6 31. Qd3 e5 32. Nh4 e4 33.
Qh3 axb5 34. Rc1 Qb7 35. Rxc8 Qxc8 36. Qh2 Be5 37. g3 Qg4 38. Ng2 Qxg5 39. Qh3 Qg4 40.
Qh2 Nf5 41. Rxe4 Qd1+ 42. Re1 Qg4 43. Re4 Qg5 44. f4 Qxg3 45. fxe5 Qxb3 46. Re1 Ng3 47. Bxg6 hxg6 48. e6 f5 49. Nf4 Qf3 50. Nxg6 f4 51. Qg2 Qg4 52. Ne5 Qg5 53. Nf3 Qxd5 54. e7 Qf7 55. Qc2 Rxe7 56. Rxe7 Qxe7 57. Qg6+ Kf8 58. Qh6+ Ke8 59. Qh8+ Kd7 60. Qd4+ Qd6 61. Qg7+ Kc6 62. Qc3+ Kb6 63. Kg2 Ne4 64. Qe1 Qg6+ 65. Kf1 Nc5 66. Qe7 Qd3+ 67. Kf2 Ne4+ 68. Kg2 Qe2+ 0-1

[Event "*** Titled Tuesday Blitz"]
[Site "Chess.com"]
[Date "2021.02.16"]
[Round "9"]
[White "mirochka"]
[Black "KubaGepard"]
[Result "0-1"]
[WhiteElo "2276"]
[BlackElo "2406"]
[TimeControl "180+1"]
[EndTime "11:49:39 PST"]
[Termination "KubaGepard won on time"]

1. e4 e5 2. Nf3 Nc6 3. d4 exd4 4. c3 d5 5. exd5 Qxd5 6. cxd4 Bg4 7. Be2 Bb4+ 8. Nc3 Bxf3 9. Bxf3 Qc4 10. Qb3 Qxb3 11. axb3 Nge7 12. Be3 O-O-O 13. O-O a6 14. Rfd1 Rhe8 15.
Ra4 Bxc3 16. bxc3 Nd5 17. Bd2 f6 18. c4 Nb6 19. Bxc6 bxc6 20. Rxa6 Rxd4 21. Kf1 Kb7 22. Raa1 Red8 23. Ke2 Rd3 24. Be3 Rxd1 25. Rxd1 Rxd1 26. Kxd1 Nd7 27. Bd4 c5 28. Bc3 Kc6 29. Kd2 Kd6 30. Kd3 Ne5+ 31. Ke4 Nc6 32. g4 Ne7 33. h4 Ke6 34. h5 g6 35. hxg6 hxg6 36. Ba5 Kd6 37. Bc3 Ke6 38. Bd2 Nc6 39. Bc3 Nd8 40. Bd2 Nb7 41. b4 cxb4 42. Bxb4 Nd6+ 43. Kd4 Nb7 44. f3 f5 45. gxf5+ gxf5 46. Ba3 c6 47. Bb4 Nd8 48. Kc5 Kd7 49. Bc3 Ne6+ 50. Kb4 Kd6 51. Bd2 c5+ 52.
Kc3 Nd4 53. f4 Kc6 54. Be3 Ne6 55. Kd3 Ng7 56. Bd2 Ne8 57. Ke3 Nd6 58. Kd3 Ne4 59. Be1 Kd7 60. Bh4 Ke6 61. Be1 Kf7 62. Ba5 Kg6 63. Be1 Kh5 64. Ke3 Kg4 65. Ba5 Nd6 66. Kd3 Kf3 67. Bc7 Ne4 68. Be5 Nf2+ 69. Kc3 Ke4 70. Bb8 Ke3 71. Bd6 Ne4+ 72. Kb3 Nxd6 0-1

[Event "*** Titled Tuesday Blitz"]
[Site "Chess.com"]
[Date "2021.02.16"]
[Round "9"]
[White "The_Machine04"]
[Black "iulik86"]
[Result "1-0"]
[WhiteElo "2465"]
[BlackElo "2588"]
[TimeControl "180+1"]
[EndTime "11:49:41 PST"]
[Termination "The_Machine04 won on time"]

1. d4 f5 2. Bg5 d5 3. e3 c6 4. Nf3 Be6 5. h4 Nd7 6. Nbd2 Ngf6 7. Bf4 Bg8 8. Ne5 e6 9. Bd3 Nxe5 10. Bxe5 Bf7 11.
Be2 Bd6 12. f4 O-O 13. O-O Be7 14. g3 Nd7 15. Nf3 h6 16. c4 Bh5 17. cxd5 cxd5 18. Rc1 Bxf3 19. Bxf3 Nxe5 20. fxe5 Qb6 21. Qb3 Qxb3 22.
axb3 Rfc8 23. Kf2 g5 24. hxg5 hxg5 25. g4 f4 26. exf4 gxf4 27. Be2 Bb4 28. Bb5 Kf7 29. Rh1 Rxc1 30. Rxc1 Ba5 31. Rh1 Rc8 32. Rh7+ Kg8 33. Rxb7 Bb6 34. Kf3 Bxd4 35. Bd7 Rc1 36. Bxe6+ Kh8 37.
Kxf4 Rf1+ 38. Kg5 Bxe5 39. Bf5 Kg8 40. Kg6 Kf8 41. g5 Bxb2 42. Rxa7 d4 43. Rf7+ Kg8 44. Rd7 Kf8 45. b4 Bc3 46. b5 Rb1 47. Rf7+ Ke8 48. Bd7+ Kd8 49. Bc6 Re1 50. Rd7+ Kc8 51.
Kh7 Rh1+ 52. Kg8 Rg1 53. Rd5 Kc7 54. Kf7 Kb6 55. g6 Rf1+ 56. Kg8 d3 57. Rxd3 Bb2 58.
Rd6 Be5 59. Re6 Ba1 60. Bg2+ Kc5 61. Bxf1 1-0

[Event "*** Titled Tuesday Blitz"]
[Site "Chess.com"]
[Date "2021.02.16"]
[Round "9"]
[White "Tashik"]
[Black "chessdjw"]
[Result "1/2-1/2"]
[WhiteElo "2446"]
[BlackElo "2686"]
[TimeControl "180+1"]
[EndTime "11:49:41 PST"]
[Termination "Game drawn - insufficient material"]

1. c4 g6 2. e4 e5 3. Nf3 Bg7 4. d4 exd4 5. Nxd4 Nf6 6. Nc3 O-O 7. Be2 Re8 8. f3 c6 9. Nc2 d5 10. cxd5 cxd5 11. Nxd5 Nxd5 12. Qxd5 Qxd5 13. exd5 Nd7 14. Kf2 Nb6 15. Rd1 Bd7 16. Rb1 Rac8 17. Ne3 Na4 18.
d6 Re6 19. Nd5 Rc2 20. Nf4 Re8 21. Rd2 Rec8 22. b3 Nb6 23. Bc4 Bd4+ 24. Kg3 Rxd2 25.
Bxd2 Be5 26. Kf2 Bxd6 27. Bd3 Bc5+ 28. Be3 Bxe3+ 29. Kxe3 Kf8 30. Rd1 g5 31. Ne2 h6 32.
Kf2 Ke7 33. Be4 Rc7 34. Nd4 Nc8 35. Nf5+ Bxf5 36. Bxf5 Nd6 37. Bd3 f5 38. g3 Rc3 39.
f4 gxf4 40. gxf4 Ke6 41. Ke3 b5 42. Kd4 b4 43. Re1+ Kf6 44. Re5 Rc1 45. Ra5 Rh1 46. Ra6 Ke6 47. Bc4+ Ke7 48. Rxa7+ Kf6 49. Ra6 Ke7 50.
Kc5 Nxc4 51. bxc4 Rxh2 52. Kxb4 h5 53. a4 h4 54. Rh6 h3 55. a5 Rh1 56. a6 Kd7 57. Kc5 Kc7 58. Rh7+ Kb8 59. Kc6 h2 60.
c5 Ka8 61. Kc7 Ka7 62. Kc6+ Kxa6 63. Kc7 Kb5 64. c6 Rc1 65. Rxh2 Rxc6+ 66. Kd7 Rc4 67.
Ke6 Rxf4 68. Rh5 Kc6 69. Rxf5 Re4+ 70. Kf6 Rd4 71. Rh5 Rd6+ 72. Kf5 Rd5+ 73. Kg4 Rd4+ 74.
Kf3 Rd3+ 75. Ke2 Rd5 76. Rxd5 Kxd5 1/2-1/2

[Event "*** Titled Tuesday Blitz"]
[Site "Chess.com"]
[Date "2021.02.16"]
[Round "9"]
[White "sergeikim"]
[Black "RobertoJBM"]
[Result "1-0"]
[WhiteElo "2537"]
[BlackElo "2687"]
[TimeControl "180+1"]
[EndTime "11:49:45 PST"]
[Termination "sergeikim won by resignation"]

1. d4 d5 2. c4 c6 3. Nf3 Nf6 4. Qc2 g6 5. e3 Bg7 6. Bd3 O-O 7. Nbd2 Na6 8. a3 Nc7 9. b4 a5 10. Bb2 axb4 11. axb4 Rxa1+ 12. Bxa1 Bg4 13. O-O Bxf3 14. Nxf3 e6 15. c5 Nd7 16. Bc3 Qe7 17. Ra1 e5 18. Bf1 e4 19. Ne1 f5 20. g3 g5 21. Ng2 Ne6 22.
Ra7 Nf6 23. b5 cxb5 24. c6 Qd6 25. cxb7 Qb6 26. Qa2 Rb8 27. Ra6 Qc7 28. Rxe6 Qxc3 29. Qa6 Qc7 30. Rxf6 Bxf6 31. Qxf6 Rxb7 32. Qxg5+ Qg7 33.
Qd8+ Qf8 34. Qxd5+ Qf7 35. Qd8+ Kg7 36. Nf4 b4 37. d5 h6 38. Ne6+ Kh7 39. Nf8+ Kg7 40. Ne6+ Kh7 41. Qh4 Qe7 42. Qh5 Qf6 43. Bh3 Rf7 44.
Nd4 Kg7 45. Nxf5+ Kf8 46. d6 b3 47. Qd1 b2 48. Qc2 Kg8 49. Qc8+ Kh7 50. Qc2 Qe5 51. Nd4 Qxd6 52. Qxb2 Qf6 53. Bf5+ Kh8 54. Bxe4 Qe5 55. Qc2 h5 56. Qc8+ Kg7 57. Bf3 Rf6 58. Qd7+ Kh6 59. Bd5 h4 60. Kg2 hxg3 61. hxg3 Qg5 62. f4 Qh5 63. Qh3 Qxh3+ 64. Kxh3 Kg6 65. Kg4 Ra6 66. f5+ Kf6 67. Kf4 Ra1 68. Be6 Rf1+ 69. Nf3 Rc1 70. g4 1-0

[Event "*** Titled Tuesday Blitz"]
[Site "Chess.com"]
[Date "2021.02.16"]
[Round "9"]
[White "Arseniy_Nesterov"]
[Black "AldokhinIvan"]
[Result "1-0"]
[WhiteElo "2775"]
[BlackElo "2452"]
[TimeControl "180+1"]
[EndTime "11:49:45 PST"]
[Termination "Arseniy_Nesterov won by resignation"]

1. c4 Nf6 2. Nc3 g6 3. e4 d6 4. d4 Bg7 5. Be2 O-O 6. Be3 Nc6 7. d5 Nb4 8. Nf3 Re8 9. O-O e6 10. a3 Na6 11. Rc1 exd5 12. exd5 Nc5 13. Nd2 Bf5 14.
Nb3 Nce4 15. Nxe4 Nxe4 16. Bd4 Qg5 17. Bxg7 Kxg7 18. Bf3 Qf6 19. Nd4 Bd7 20. Qd3 Nc5 21. Qc3 Re7 22. b4 Ne4 23. Qd3 Rae8 24. c5 Re5 25.
cxd6 cxd6 26. Rc7 Rxd5 27. Rxd7 Rxd4 28. Qe3 Re6 29. Bg4 Re8 30. f3 Nc5 31. Qxe8 Nxd7 32. Qxd7 h5 33. Bh3 Rd2 34. Qxb7 g5 35. Qe4 d5 36. Qe3 Qb2 37. Qxg5+ Kf8 38. Qd8+ Kg7 39.
Qg5+ Kf8 40. Re1 Qd4+ 41. Kh1 Rd1 42. Qe7+ Kg7 43. Qe2 Rd2 44. Qf1 Rf2 45. Qg1 Qb2 46. g3 d4 47. Bf5 Kf6 48. Be4 Qd2 49. Rf1 Re2 50. Rd1 Rxh2+ 51. Qxh2 Qxd1+ 52. Kg2 Qe2+ 53. Kh3 Qf1+ 54. Qg2 Qe1 55. Kh4 Qc1 56. f4 Qd1 57. Bf3 Qe1 58. Qe2 Qxe2 59. Bxe2 Kf5 60. Bd3+ Ke6 61.
Kxh5 Kd5 62. Kg5 Kd6 63. g4 Ke7 64. Kf5 Kd6 65. Kf6 Kd5 66. Kxf7 Kd6 67. g5 1-0